[Event "Croatian Championship 2022"]
[Site "Split"]
[Date "2022.11.30"]
[Round "2.5"]
[White "Zelcic, Robert"]
[Black "Kozul, Zdenko"]
[Result "0-1"]
[ECO "B81"]
[WhiteElo "2496"]
[BlackElo "2539"]
[Annotator "TA"]
[PlyCount "54"]
[EventDate "2022.11.29"]
[EventType "tourn"]
[EventCountry "CRO"]
[SourceTitle "playchess.com"]
[Source "ChessBase"]
[SourceQuality "1"]
[TimeControl "40/5400+30:1800+30"]

1. e4 c5 2. Nf3 e6 3. d4 cxd4 4. Nxd4 Nf6 5. Nc3 d6 6. g4 e5 7. Bb5+ Bd7 8. Bxd7+ Qxd7 9. Nf5 h5 10. gxh5 (10. Bg5 {with more complications.} Nh7 11. f4 g6 12. Ne3) 10... Nxh5 {[%emt 0:08:39] B81: Sicilian Scheveningen: Keres Attack.} 11. Be3 {[%emt 0:00:16] 11.Nd5 gains popularity.} Na6 12. Qe2 {[%emt 0:13:06] next 0-0-0 is good for White.} g6 {[%emt 0:02:21] The position is equal.} 13. Ng3 Nf4 14. Qf3 {[%emt 0:15:02] [#]} Rc8 $5 $146 {[%emt 0:01:24][%mdl 8] New and interesting.} ({Predecessor:} 14... Rh4 15. O-O-O Nc7 16. Kb1 Qc6 17. Bxf4 Rxf4 18. Qe2 Rh4 19. Nd5 Nxd5 20. Rxd5 Rc8 {1-0 (42) Chen,Q (2425)-Nigmatov,O (2456) Xingtai 2018}) 15. Rd1 (15. Bxa7 $2 {too greedy.} b6 16. Bxb6 Qb7 $19) (15. h4 $11 {keeps the balance.}) 15... Rh4 $17 {[%emt 0:02:45] Black is more active.} 16. Bxf4 exf4 ({Reject} 16... Rxf4 $6 17. Qe3 $15) 17. Nge2 Bg7 18. a3 {[%emt 0:18:33] Against Nb4} Be5 {[%emt 0:02:00] [#] aiming for ...Rh3.} 19. Qd3 (19. h3 $17) 19... Nc5 $19 20. Qd5 (20. Qb5 {only move.}) 20... f3 $1 21. Nd4 (21. Qxe5+ $142 dxe5 22. Rxd7 Kxd7 23. Ng1) 21... Qg4 ({Worse is} 21... Rxh2 22. Rxh2 Bxh2 23. Nxf3 $11) 22. Ndb5 Rxh2 23. Rf1 Qh3 {[%emt 0:01:39][%cal Oh3f1] ( -> ...Qxf1+!)} 24. Qc4 {[%emt 0:02:28] [#]} Nxe4 $1 25. Qd3 (25. Qxe4 Qxf1+) 25... Nxc3 26. bxc3 Kf8 27. Rb1 Re8 {[%emt 0:00:54] White did not feel at home in the position after the opening.   Weighted Error Value: White=1.16/Black=0.44} 0-1

[Event "Croatian Championship 2022"]
[Site "Split"]
[Date "2022.11.30"]
[Round "2.6"]
[White "Bukal, Vladimir Jr."]
[Black "Bosiocic, Marin"]
[Result "0-1"]
[ECO "B07"]
[WhiteElo "2411"]
[BlackElo "2536"]
[Annotator "TA"]
[PlyCount "64"]
[EventDate "2022.11.29"]
[EventType "tourn"]
[EventCountry "CRO"]
[SourceTitle "playchess.com"]
[Source "ChessBase"]
[SourceQuality "1"]
[TimeControl "40/5400+30:1800+30"]

1. d4 d6 2. g3 g6 3. Bg2 Bg7 4. e4 Nf6 5. Nc3 O-O 6. Nge2 e5 7. h3 Nc6 8. Be3 exd4 9. Nxd4 Bd7 10. O-O Re8 11. Nde2 b5 {[%emt 0:05:36] B07: Pirc Defence: Miscellaneous Systems.} 12. Nxb5 {[%emt 0:13:09] [#]} Rb8 $146 ({Predecessor:} 12... Nxe4 13. Nbd4 {½-½ (13) Meszaros,M (2383)-Petenyi,T (2450) Slovakia 2016}) 13. Nbc3 Rxb2 {[%emt 0:00:45] The position is equal.} 14. Rb1 Rxb1 15. Qxb1 Ne5 16. Qb3 Be6 17. Qa4 Qc8 18. Nf4 $1 Bd7 19. Qxa7 g5 20. Nfd5 Nxd5 21. Nxd5 Bxh3 {[%emt 0:00:33] [#] White must now prevent ...Qg4.} 22. Bxg5 (22. Qxc7 Qg4 23. Ne7+ (23. Qxd6 $2 Nf3+ 24. Kh1 Nh4 $19) (23. Bxh3 $2 Qxh3 24. f3 Qxg3+ 25. Kh1 Nxf3 $19) 23... Kf8 24. Qxd6 (24. Bxh3 $2 Qxh3 $19) 24... Nf3+ 25. Kh1 (25. Bxf3 Qxf3 26. Ng6+ Kg8 27. Ne7+ Kh8) 25... Qh5 26. Bxg5 Nxg5 27. Nf5+ Kg8 $19) 22... Qg4 {[%emt 0:01:18] Hoping for ...Nf3+.} 23. Qe3 {[%emt 0:01:21] Against Nf3+} (23. Nxc7 $2 Nf3+ 24. Kh1 Nxg5 $19) 23... Ng6 (23... Nc4 $14 24. Bxh3 Qxh3) 24. Rb1 (24. Nxc7 Re5 25. Bxh3 (25. f4 $2 Rc5 $19) 25... Qxh3 $11) 24... Bxg2 25. Kxg2 h6 26. Nf6+ (26. Nxc7 $2 {is the wrong capture.} Rxe4 27. Rb8+ Kh7 $19) ({Reject} 26. Bxh6 $6 Nh4+ 27. Kh2 Rxe4 28. Bxg7 Nf3+ 29. Kg2 Nh4+ 30. Kh2 Nf3+ 31. Kg2 Nh4+ 32. Kh2 $11) (26. Bf6 $16) 26... Bxf6 $14 27. Bxf6 Qe6 28. Qf3 ({White should try} 28. Bc3 $14) 28... Qxa2 $11 29. Re1 Qxc2 30. Ba1 Re6 31. Qe3 h5 32. Qh6 $2 {[%emt 0:00:56][%mdl 8192] [#]} (32. Qg5 $11) 32... Nh4+ $1 {[%emt 0:01:19][%mdl 512] Black used his chance.   Weighted Error Value: White=0.39/Black=0.11 (very precise)} 0-1

[Event "Croatian Championship 2022"]
[Site "Split"]
[Date "2022.12.01"]
[Round "3.1"]
[White "Kozul, Zdenko"]
[Black "Bukal, Vladimir Jr."]
[Result "1/2-1/2"]
[ECO "A64"]
[WhiteElo "2539"]
[BlackElo "2411"]
[Annotator "TA"]
[PlyCount "25"]
[EventDate "2022.11.29"]
[EventType "tourn"]
[EventCountry "CRO"]
[SourceTitle "playchess.com"]
[Source "ChessBase"]
[SourceQuality "1"]
[TimeControl "40/5400+30:1800+30"]

1. d4 e6 2. c4 Nf6 3. g3 c5 4. d5 exd5 5. cxd5 d6 6. Nc3 g6 7. Bg2 Bg7 8. Nf3 O-O 9. O-O Re8 10. Re1 a6 11. a4 Nbd7 12. Nd2 b6 {[%emt 0:04:55] [#] A64: Modern Benoni: Fianchetto Variation: 9...Nbd7 10 Nd2 a6 11 a4 Re8.} 13. Rb1 $146 {[%emt 0:20:48] An uneventful encounter.} ({Predecessor:} 13. h3 Rb8 14. Nc4 Ne5 15. Nxe5 Rxe5 16. e4 Re8 17. f4 Nd7 18. Qd3 b5 19. axb5 axb5 {0-1 (34) Kociscak,J (2496)-Navara,D (2733) Ostrava 2019}) 1/2-1/2

[Event "Croatian Championship 2022"]
[Site "Split"]
[Date "2022.12.01"]
[Round "3.2"]
[White "Bosiocic, Marin"]
[Black "Martinovic, Sasa"]
[Result "1/2-1/2"]
[ECO "A22"]
[WhiteElo "2536"]
[BlackElo "2557"]
[Annotator "TA"]
[PlyCount "44"]
[EventDate "2022.11.29"]
[EventType "tourn"]
[EventCountry "CRO"]
[SourceTitle "playchess.com"]
[Source "ChessBase"]
[SourceQuality "1"]
[TimeControl "40/5400+30:1800+30"]

1. c4 e5 2. g3 Nf6 3. Bg2 d5 4. cxd5 Nxd5 5. Nc3 Nb6 6. e3 Nc6 {[%emt 0:00:02] A22: English Opening: 1...e5 2 Nc3 Nf6.} 7. Nge2 Be7 8. O-O O-O 9. f4 Bf5 10. fxe5 Bd3 11. e6 {[%emt 0:00:09] Inhibits Qd7.} fxe6 12. Rxf8+ Qxf8 13. Nf4 {[%emt 0:00:06] Inhibits g5. The position is equal.} Bf5 14. g4 e5 $1 {[%emt 0:00:04] [#]} 15. Qb3+ $146 ({Predecessor:} 15. Nh3 Bg6 16. b3 Rd8 17. Qf1 Qe8 18. Ne4 Nb4 {½-½ (18) Salomo,A (2259)-Moegito,A (2251) ICCF email 2020}) 15... Qf7 16. Qxf7+ Kxf7 17. Nfd5 $36 {[%emt 0:00:06][%mdl 2048] Black is under pressure.} Bxg4 18. Nxe7 Kxe7 19. b3 Rd8 20. Ba3+ Kf7 21. Rf1+ {[%emt 0:00:06][%mdl 1024] White has compensation.} Kg6 22. Rf2 Bf5 {[%emt 1:40:16] Weighted Error Value: White=0.04 (flawless) /Black=0.04 (flawless)} 1/2-1/2

[Event "Croatian Championship 2022"]
[Site "Split"]
[Date "2022.12.01"]
[Round "3.3"]
[White "Doric, Darko"]
[Black "Zelcic, Robert"]
[Result "0-1"]
[ECO "E36"]
[WhiteElo "2446"]
[BlackElo "2496"]
[Annotator "TA"]
[PlyCount "114"]
[EventDate "2022.11.29"]
[EventType "tourn"]
[EventCountry "CRO"]
[SourceTitle "playchess.com"]
[Source "ChessBase"]
[SourceQuality "1"]
[TimeControl "40/5400+30:1800+30"]

1. d4 Nf6 2. c4 e6 3. Nc3 Bb4 4. Qc2 O-O 5. a3 Bxc3+ 6. Qxc3 d5 7. Nf3 dxc4 8. Qxc4 b6 9. Bg5 {[%emt 0:00:37] E36: Nimzo-Indian: Classical: 4...d5 5 a3.} Ba6 10. Qa4 h6 $1 {[%emt 0:00:05][%mdl 4] now scores much better than the old 10...c5.} 11. Bxf6 {[%emt 0:04:27] The position is equal.} Qxf6 12. g3 c5 13. Bg2 {[%emt 0:00:09] Black must now prevent Ne5.} Bb7 $1 14. O-O Bc6 15. Qc4 Rc8 {[%emt 0:08:32] [#]} 16. Rac1 $146 ({Predecessor:} 16. dxc5 Nd7 17. Qd4 Qxd4 18. Nxd4 Bxg2 19. Kxg2 Rxc5 20. Rac1 Rac8 21. Nb3 Rc2 22. Rfd1 {½-½ (33) Jacobsen,M (2050)-Lindgren,P (2260) Copenhagen 2013}) 16... Nd7 17. Qc3 Rab8 18. Rfd1 Bb5 19. Qe3 c4 20. Nd2 Qe7 (20... Ba4 $5 ) 21. Ne4 (21. Rc3 $5 ) 21... Ba4 22. Rd2 Nf6 23. Nc3 Bb3 24. Qf4 Rd8 25. e4 b5 26. e5 Nd5 27. Bxd5 (27. Nxd5 $14 exd5 28. Re2) 27... exd5 $11 28. Qf3 a5 29. Kg2 Qd7 30. Ne2 b4 31. axb4 axb4 32. Nf4 Ra8 33. Re2 Qf5 (33... Ba4 $11 {remains equal.}) 34. g4 $16 Qg5 35. e6 (35. Rce1 $16) 35... fxe6 $11 36. Re5 Qf6 37. Nxe6 Qxf3+ 38. Kxf3 Rd7 {[%emt 0:02:36] Threatening ...Ra2.} 39. Nc5 Rf7+ 40. Rf5 Ba2 41. Rxf7 Kxf7 {[%emt 0:01:45][%mdl 4096] Endgame KRB-KRN} 42. Ke3 g5 43. Kd2 Ra7 44. Re1 Kg7 45. f3 Kh7 46. Ra1 Kg6 47. Re1 Kh7 48. Ra1 h5 49. h3 Kg6 50. Re1 hxg4 51. fxg4 Rf7 52. Re6+ Kh7 53. Ke3 (53. Ke2 $11) 53... Rf1 $1 $17 {[%emt 0:03:12] ...c3 is the strong threat.} 54. Rb6 {[%emt 0:00:27] [#]} (54. Re7+ $17 Kg6 55. Ra7) 54... b3 $2 (54... c3 $1 $19 55. bxc3 (55. Rxb4 $2 {is the wrong capture.} c2 $19) (55. Rb7+ $2 Kg8 $19) 55... bxc3) 55. Na4 (55. Ne6 $11) 55... Rh1 {[%emt 0:00:57] Black is more active.} (55... Bb1 $17 {Threatens to win with ...Rh1.} 56. Rb7+ Kg6 57. Rb6+ Kf7 58. Rb7+ Ke6 59. Rb6+ Kf7 60. Rb7+ Ke6 61. Nc5+ Kd6 62. Rb6+ Kc7 63. Rb7+ Kc6) 56. Rd6 $2 (56. Rb5 $11 {and White has nothing to worry.}) 56... Rxh3+ $19 57. Kf2 {[%emt 0:00:36] [#]} c3 $1 {[%emt 0:00:53] Weighted Error Value: White=0.24 (precise) /Black=0.14 (very precise)} 0-1

[Event "Croatian Championship 2022"]
[Site "Split"]
[Date "2022.12.01"]
[Round "3.4"]
[White "Saric, Ante"]
[Black "Saric, Ivan"]
[Result "0-1"]
[ECO "D79"]
[WhiteElo "2504"]
[BlackElo "2674"]
[Annotator "TA"]
[PlyCount "100"]
[EventDate "2022.11.29"]
[EventType "tourn"]
[EventCountry "CRO"]
[SourceTitle "playchess.com"]
[Source "ChessBase"]
[SourceQuality "1"]
[TimeControl "40/5400+30:1800+30"]

1. d4 Nf6 2. Nf3 g6 3. c4 Bg7 4. g3 c6 5. Nc3 d5 6. cxd5 cxd5 7. Ne5 O-O 8. Bg2 Nc6 {[%emt 0:00:33] 8...Bf5 is a critical line.} 9. O-O Bf5 10. Bf4 (10. Nxc6 {simplifies} bxc6 11. b3 Re8 12. Bb2) 10... Rc8 {[%emt 0:02:50] D79: Fianchetto Grünfeld: Symmetrical Variation (6 0-0 c6 7 cxd5 cxd5).} 11. Rc1 h6 (11... Qb6 $5 ) 12. Nxc6 Rxc6 {[%emt 0:00:04] The position is equal.} 13. Be5 e6 14. e3 {[%emt 0:01:40] And now Bxf6 would win.} g5 {[%emt 0:00:30] [#]} 15. Re1 $146 ({Predecessor:} 15. Na4 Rxc1 16. Qxc1 b6 17. Qc6 Ne4 18. f3 Nd2 19. Bxg7 Kxg7 20. Rc1 g4 21. fxg4 Bxg4 {1-0 (52) Choma,E (2298)-Cruz,M (2100) Paranavai 2009}) 15... Qa5 16. Qb3 Rfc8 17. Bxf6 Bxf6 18. Qxb7 Bd8 (18... Qd8 $5 ) 19. Bf1 Bb6 20. Qa6 (20. Bb5 $5 R6c7 21. Qa6 $14) 20... Qb4 21. Qb5 (21. Bb5 $5 R6c7 22. Re2 $14) 21... Ba5 22. a3 (22. Red1 $11) 22... Qxb5 $17 23. Bxb5 Bxc3 24. bxc3 Rxc3 25. Rxc3 Rxc3 {[%emt 0:00:04][%mdl 4096] Endgame KRB-KRB} 26. Ra1 a5 27. Kf1 g4 28. Ba4 {[%emt 0:03:21] [#]} Bc2 $1 {[%emt 0:02:26] Black is more active.} 29. Bxc2 Rxc2 {[%emt 0:00:09] KR-KR} 30. Rb1 (30. Re1 $17 {was necessary.}) 30... Rc3 31. a4 Ra3 32. Rb8+ (32. Rb2 $142) 32... Kg7 $19 33. Kg2 Rxa4 34. Ra8 Ra2 35. h4 (35. h3 $142 gxh3+ 36. Kxh3) 35... h5 36. Rb8 a4 37. Ra8 a3 38. Ra7 Kg6 39. Ra6 Kf5 40. Ra7 f6 41. Rh7 Kg6 42. Ra7 Ra1 {[%emt 0:00:06] [#] ( -> ...Kf5)} 43. Ra8 Kf5 {[%emt 0:01:35] Black mates.} 44. Ra6 a2 45. Ra4 Ke4 46. Ra3 e5 47. Ra5 exd4 48. Ra4 Kd3 49. Rxd4+ Kc3 50. Rxd5 Rb1 {[%emt 0:00:10] Weighted Error Value: White=0.60/Black=0.15 (very precise)} 0-1

[Event "Croatian Championship 2022"]
[Site "Split"]
[Date "2022.12.01"]
[Round "3.5"]
[White "Jovanovic, Zoran"]
[Black "Brkic, Ante"]
[Result "1/2-1/2"]
[ECO "C47"]
[WhiteElo "2513"]
[BlackElo "2610"]
[Annotator "TA"]
[PlyCount "44"]
[EventDate "2022.11.29"]
[EventType "tourn"]
[EventCountry "CRO"]
[SourceTitle "playchess.com"]
[Source "ChessBase"]
[SourceQuality "1"]
[TimeControl "40/5400+30:1800+30"]

1. e4 e5 2. Nf3 Nc6 3. Nc3 Nf6 4. d4 exd4 5. Nxd4 Nxe4 6. Nxc6 {[%emt 0:00:03] C47: Scotch Four Knights and Four Knights with 4 g3.} (6. Nxe4 {is interesting.} Qe7 7. f3 d5 8. Bb5) 6... Nxc3 7. Nxd8 Nxd1 8. Nxf7 {[%emt 0:00:03][%mdl 64] [#] Decoy} Kxf7 ({Don't do} 8... Nxf2 9. Nxh8 Nxh1 10. Be3 $16) 9. Bc4+ Kf6 10. Kxd1 c6 11. Be3 d5 12. Bd3 Bd6 {[%emt 0:00:07] [#]} 13. Re1 $146 ({Predecessor:} 13. h4 h5 14. Kd2 Kf7 15. Rae1 Bd7 16. c3 a6 17. Kc2 Rhe8 18. Bg5 g6 19. Kd2 Rxe1 20. Rxe1 {½-½ (34) Berg,E (2533)-Bersamina,P (2429) Chennai 2022}) 13... Kf7 14. c3 g6 ({But not} 14... Bxh2 15. g3 $16) 15. Kc2 Bf5 16. a4 Rhe8 (16... Bxh2 $2 17. g3 $18) 17. b4 a6 ({Don't play} 17... Bxh2 18. Rh1 Be5 19. Rxh7+ Bg7 20. Rah1 $16) 18. g3 Re6 19. Bb6 Bxd3+ {[%emt 0:00:04] The position is equal.} 20. Kxd3 Rxe1 21. Rxe1 Re8 22. Rxe8 Kxe8 {[%emt 0:00:01] An interesting draw.   Weighted Error Value: White=0.07 (flawless) /Black=0.06 (flawless)} 1/2-1/2

[Event "Croatian Championship 2022"]
[Site "Split"]
[Date "2022.12.01"]
[Round "3.6"]
[White "Stevic, Hrvoje"]
[Black "Kurajica, Bojan"]
[Result "1/2-1/2"]
[ECO "B22"]
[WhiteElo "2543"]
[BlackElo "2487"]
[Annotator "TA"]
[PlyCount "29"]
[EventDate "2022.11.29"]
[EventType "tourn"]
[EventCountry "CRO"]
[SourceTitle "playchess.com"]
[Source "ChessBase"]
[SourceQuality "1"]
[TimeControl "40/5400+30:1800+30"]

1. e4 c5 2. c3 d5 3. exd5 Qxd5 4. d4 Nf6 5. Nf3 Bg4 6. dxc5 Qxc5 (6... Qxd1+ {simplifies} 7. Kxd1 e6 8. Bb5+ Nc6) 7. h3 $1 {[%emt 0:01:02][%mdl 4] is more profitable than 7.Na3 at the moment. B22: Sicilian: 2 c3.} Bd7 {[%emt 0:04:02] [#]} 8. Bf4 $146 ({Predecessor:} 8. Be3 Qc7 9. Na3 Nc6 10. Nb5 Qb8 11. Qd2 a6 12. Nbd4 e5 13. Nb3 Qc7 14. Rd1 Rd8 {1-0 (49) Leniart,A (2479)-Laurusas,T (2563) Bydgoszcz 2022}) 8... e6 9. Ne5 {[%emt 0:09:51] The position is equal.} Nd5 ({But not} 9... Ne4 10. Qc2 Nf6 11. Nd2 $14) 10. Bh2 Bd6 11. Na3 O-O 12. Qd2 Rd8 13. Be2 Be8 14. Bf3 Be7 15. O-O {[%emt 0:04:04] Weighted Error Value: White=0.11 (very precise) /Black=0.08 (flawless)} 1/2-1/2

[Event "Croatian Championship 2022"]
[Site "Split"]
[Date "2022.12.02"]
[Round "4.1"]
[White "Martinovic, Sasa"]
[Black "Kurajica, Bojan"]
[Result "1/2-1/2"]
[ECO "E12"]
[WhiteElo "2557"]
[BlackElo "2487"]
[Annotator "TA"]
[PlyCount "91"]
[EventDate "2022.11.29"]
[EventType "tourn"]
[EventCountry "CRO"]
[SourceTitle "playchess.com"]
[Source "ChessBase"]
[SourceQuality "1"]
[TimeControl "40/5400+30:1800+30"]

1. d4 Nf6 2. c4 e6 3. Nf3 b6 4. a3 g6 5. Nc3 Bb7 6. Qc2 d5 {[%emt 0:02:53] E12: Queen's Indian: Unusual White 4th moves, 4 a3, 4 Nc3 Bb7 5 a3 and 4 Nc3 Bb7 .} 7. cxd5 exd5 8. Bf4 a6 {[%emt 0:00:11] Against Nb5. White is slightly better.} 9. e3 {[%emt 0:03:07] [#]} Bd6 $146 ({Predecessor:} 9... Bg7 10. Be2 O-O 11. O-O Nbd7 12. Ne5 Rc8 13. Bf3 Nxe5 14. Bxe5 Ne8 15. Bxg7 Kxg7 {½-½ (50) Lazavik,D (2424)-De Silva,L (2114) Chess.com INT 2020}) 10. Bg5 Nbd7 11. Bd3 Qe7 {[%emt 0:13:22] Prevents e4.} (11... c5 {keeps more tension.} 12. e4 cxd4 13. Nxd5 h6) 12. O-O {[%emt 0:05:36][%cal Oe3e4] [#] Threatens to win with e4!} Qe6 {[%emt 0:02:17] Prevents e4.} 13. Bh6 Ng4 14. Bf4 f5 15. Rac1 O-O 16. Ne2 {[%emt 0:06:07] Bxd6 is the strong threat.} Rac8 17. Bxd6 Qxd6 18. Nf4 Ngf6 (18... c5 $11 {keeps the balance.}) 19. Qe2 $16 Ra8 20. Rfd1 {[%emt 0:06:53] White is more active.} Rfe8 21. Qe1 a5 22. Bf1 Re7 23. Qc3 c6 24. a4 Rb8 25. Rc2 Ne4 26. Qb3 g5 27. Nd3 c5 28. Qa3 Qe6 (28... Rd8 $11 {remains equal.}) 29. dxc5 Ndxc5 (29... bxc5 $142 30. Nxc5 Nexc5) 30. Nxc5 bxc5 31. Rxc5 (31. Nd2 {simplifies} Nxd2 32. Rcxd2 Qb6 33. g3) 31... Nxc5 32. Qxc5 Qf6 33. Qxa5 Qxb2 34. Nxg5 Ra8 {[%emt 0:02:05] [#]} 35. Qc5 Qf6 36. Nh3 (36. h4 $16) 36... Rxa4 37. Rb1 {[%emt 0:04:34][%cal Ob1b7] Strongly threatening Rxb7!} Ra8 38. Rb6 {[%emt 0:01:26] Against d4} ({Much less strong is} 38. Nf4 Rc8 39. Qa5 Rec7 $11) 38... Qe5 39. Qb4 Qc7 (39... Bc8 $14) 40. Qb2 (40. Nf4 $16) 40... Ra1 $11 {[%emt 0:00:00] The position is equal.} 41. Qxa1 Qxb6 42. Nf4 Rxe3 43. Nxd5 Bxd5 44. fxe3 Qxe3+ 45. Kh1 Qf2 46. Qd1 {[%emt 0:02:31] Weighted Error Value: White=0.15 (very precise) /Black=0.16 (very precise)} 1/2-1/2

[Event "Croatian Championship 2022"]
[Site "Split"]
[Date "2022.12.02"]
[Round "4.2"]
[White "Brkic, Ante"]
[Black "Stevic, Hrvoje"]
[Result "1-0"]
[ECO "B28"]
[WhiteElo "2610"]
[BlackElo "2543"]
[Annotator "TA"]
[PlyCount "109"]
[EventDate "2022.11.29"]
[EventType "tourn"]
[EventCountry "CRO"]
[SourceTitle "playchess.com"]
[Source "ChessBase"]
[SourceQuality "1"]
[TimeControl "40/5400+30:1800+30"]

1. e4 c5 2. Nf3 a6 3. c4 Nc6 4. d4 cxd4 5. Nxd4 Nf6 6. Nc3 e5 7. Nf5 d5 8. cxd5 Bxf5 9. exf5 Nd4 10. g4 $5 {[%emt 0:05:34][%mdl 4] [#] A promising side line. B28: Sicilian: 2 Nf3 a6 (O'Kelly Variation).} (10. Bg5 $5) 10... h5 $146 ({Predecessor:} 10... Nxd5 11. Bg2 Bb4 12. Bd2 Nf4 13. Bxf4 exf4 14. O-O O-O 15. Nd5 Bc5 16. Nxf4 Qg5 17. Nd5 h5 {0-1 (30) Martin,J (2429)-Ruff,M (2280) Duesseldorf 2017}) 11. g5 Nxd5 {[%emt 0:00:07] Pair of Knights!} 12. Bg2 $1 {[%emt 0:03:45] The position is equal.} Bb4 13. Bd2 Nf4 14. Bxf4 (14. Bxb7 Nd3+ 15. Kf1 Nxb2 $17) 14... exf4 15. f6 (15. Bxb7 $2 Qe7+ 16. Kf1 Qxb7 $19) (15. Qa4+ b5 16. Qd1 Rc8 $17) 15... gxf6 16. O-O {[%emt 0:01:34] Qa4+ is the strong threat.} (16. Bxb7 $2 {perishes.} Qe7+ 17. Kf1 Qxb7 $19) ({Reject} 16. Qa4+ b5 17. Qd1 Rc8 $17) 16... Bxc3 $1 17. bxc3 Ne6 18. Qa4+ Qd7 19. Qxd7+ Kxd7 20. gxf6 Rag8 {[%emt 0:34:48] Strongly threatening ...f3.} 21. Kh1 Kc7 22. Rab1 b6 23. Rb4 Rg5 24. Rc4+ Rc5 25. Rxc5+ Nxc5 $11 {[%emt 0:01:22][%mdl 4096] Endgame KRB-KRN} 26. Re1 Ne6 27. h4 Rh6 28. Re5 Rxf6 29. Be4 Nc5 30. Bf3 Nd3 31. Re2 Rf5 32. Be4 Nc1 $1 33. Rd2 (33. Rc2 $5 Re5 $8 34. Bh7 Re1+ 35. Kg2 $11) 33... Re5 34. Bf3 Ra5 35. Bd5 {[%emt 0:00:39] [#]} Ne2 $1 36. Bxf7 Nxc3 37. Kg2 (37. Rc2 $5 Rc5 $8 38. Bxh5 $11) 37... Rf5 38. Bg6 f3+ 39. Kh3 Ra5 (39... Rc5 $11) 40. Rc2 $1 $16 Rc5 {[%emt 0:00:00] [#]} 41. Bxh5 $1 Nxa2 $2 (41... Kd6 $16 {was called for.}) (41... b5 42. Bxf3) 42. Rxc5+ $18 ({Worse is} 42. Rxa2 Rxh5 43. Kg4 Rh8 $11) 42... bxc5 $16 {[%emt 0:00:03] KB-KN} 43. Bf7 Nc3 44. h5 Ne4 (44... Kd6 $18 45. h6 Ne4) 45. Kh4 $1 {[%emt 0:00:34][%mdl 1024] Threatens to win with h6. White has strong compensation.} Kd6 46. h6 $1 Nf6 {[%emt 0:00:04] Prevents h7.} 47. Kg5 Ke7 {[%emt 0:00:05] Loses the game.} (47... Ke5 $16 48. Bh5 Ke6 49. Bxf3 Kf7) 48. Bb3 $1 {[%emt 0:01:57] Kg6 would kill now.} a5 49. Kf5 $1 {[%emt 0:07:18] White mates.} Nh7 {[%emt 0:07:33] [#]} 50. Bg8 $1 Nf6 {[%emt 0:00:19] [#]} 51. h7 $1 Nxh7 52. Bxh7 Kd6 53. Bg8 a4 54. Ke4 a3 55. Bc4 {[%emt 0:06:56] Weighted Error Value: White=0.03 (flawless) /Black=0.39} 1-0

[Event "Croatian Championship 2022"]
[Site "Split"]
[Date "2022.12.02"]
[Round "4.3"]
[White "Saric, Ivan"]
[Black "Jovanovic, Zoran"]
[Result "1/2-1/2"]
[ECO "C43"]
[WhiteElo "2674"]
[BlackElo "2513"]
[Annotator "TA"]
[PlyCount "79"]
[EventDate "2022.11.29"]
[EventType "tourn"]
[EventCountry "CRO"]
[SourceTitle "playchess.com"]
[Source "ChessBase"]
[SourceQuality "1"]
[TimeControl "40/5400+30:1800+30"]

1. e4 e5 2. Nf3 Nf6 3. d4 Nxe4 4. Bd3 Nc6 5. Nxe5 Nxe5 6. dxe5 {[%emt 0:00:02] C43: Petroff Defence: 3 d4.} (6. Bxe4 {simplifies} d5 7. dxe5 dxe4 8. Qxd8+ Kxd8 9. Nc3) 6... Nc5 $1 {[%emt 0:00:30] The main line 6...Nc5 scores better than 6...d5.} 7. Bc4 d6 8. Qf3 {[%emt 0:00:05][%csl Gc4][%cal Rf3f7] [#]} Ne6 9. exd6 Bxd6 10. Be3 Bd7 11. Bd5 {[%emt 0:00:28] Inhibits Bc6.} c6 12. Bc4 O-O {[%emt 0:15:42] [#]} 13. Nc3 $146 ({Predecessor:} 13. Nd2 b5 14. Bb3 a5 15. a3 Qc7 16. Ne4 Be5 17. O-O-O a4 18. Ba2 Rad8 19. Nc5 {½-½ (35) Predke,A (2682)-Yu,Y (2713) Belgrade 2022}) 13... Be5 14. O-O-O Bxc3 15. bxc3 Qe7 16. Qg3 Rfd8 17. Rd6 Be8 18. Rhd1 {[%emt 0:00:28] White is much more active.} Rxd6 19. Rxd6 Rd8 20. Rxd8 Nxd8 21. h4 ({But not} 21. Bxa7 Qa3+ 22. Kd1 Qxa7 $11) 21... b5 22. Bd3 Ne6 23. h5 (23. Qb8 $14) 23... Nc5 $1 $11 24. Bf5 g6 25. Kd2 Ne4+ (25... a6 $11) 26. Bxe4 $14 Qxe4 {[%emt 0:00:02][%mdl 4096] Endgame KQB-KQB} 27. Bd4 (27. hxg6 {simplifies} hxg6 28. Bxa7 f6 29. Qd6) 27... Qe7 28. Qf4 c5 29. Bf6 Qd7+ 30. Kc1 {[%emt 0:00:33] [#] Qh6 would kill now.} Qf5 31. Qd6 (31. Qxf5 {simplifies} gxf5 32. c4 bxc4 33. Kd2) 31... Qe6 $1 (31... Qxh5 $2 32. Qd8 Qh6+ 33. Kb2 $18) (31... Qxf2 $2 32. Qe5 Qf1+ 33. Kb2 $18) (31... gxh5 $2 32. Qg3+ Qg6 33. Qe5 Qh6+ 34. Kb2 $18) 32. Qd8 (32. Qxc5 $2 {perishes.} Qxf6 33. Kb2 gxh5 34. Qxh5 Qe7 35. Qg4+ Kf8 $19) (32. Qxe6 {simplifies} fxe6 33. hxg6 hxg6 34. Bg5) 32... h6 33. g4 (33. hxg6 $14 fxg6 34. f4) 33... g5 $11 {[%emt 0:01:01] The position is equal.} 34. f3 a5 35. a3 Kf8 36. Kb2 Kg8 37. Kc1 Qe1+ 38. Kb2 {[%emt 0:00:03] Threatens to win with Be7.} Qe6 39. Kb1 Qe1+ 40. Kb2 {[%emt 0:00:00] Weighted Error Value: White=0.07 (flawless) /Black=0.06 (flawless)} 1/2-1/2